 Dungeon Crawl Stone Soup version 0.19.5 (webtiles) character file.

3945 theElss the Thaumaturge (level 10, -3/52 HPs)
             Began as a Deep Elf Conjurer on May 5, 2017.
             Was a Believer of Vehumet.
             Slain by a warg (18 damage)
             ... on level 9 of the Dungeon.
             The game lasted 00:34:05 (9452 turns).

theElss the Thaumaturge (Deep Elf Conjurer)         Turns: 9452, Time: 00:34:06

Health: -3/52      AC:  5    Str:  5    XL:     10   Next: 1%
Magic:  11/37      EV: 14    Int: 24    God:    Vehumet [**....]
Gold:   397        SH:  0    Dex: 15    Spells: 4 memorised, 22 levels left

rFire  . . .     SeeInvis .     w - +1 mace (protect)
rCold  . . .     Gourm    .     a - +0 robe
rNeg   . . .     Faith    .     (no shield)
rPois  .         Spirit   .     p - +2 hat
rElec  .         Reflect  .     C - +0 cloak
rCorr  .         Harm     .     (no gloves)
MR     +....                    (no boots)
Stlth  ++........               H - amulet of magic regeneration
                                m - ring of magical power
                                l - ring of wizardry

@: no status effects
A: no striking features
a: Renounce Religion


You were on level 9 of the Dungeon.
You worshipped Vehumet.
Vehumet was pleased with you.
You were hungry.

You visited 2 branches of the dungeon, and saw 10 of its levels.
You also visited: Ossuary.

You collected 589 gold pieces.
You spent 192 gold pieces at shops.

Inventory:

Hand Weapons
 w - a +1 mace of protection (weapon)
Armour
 a - a +0 robe (worn)
 p - a +2 hat (worn)
 C - a +0 cloak (worn)
Jewellery
 i - an uncursed ring of protection from fire {unknown}
 l - a ring of wizardry (left hand)
 m - a ring of magical power (right hand)
 u - an uncursed ring of resist corrosion
 v - an uncursed ring of ice
 H - an amulet of magic regeneration (around neck)
Wands
 e - a wand of lightning (8/15)
Scrolls
 d - a scroll of enchant weapon {unknown}
 g - 3 scrolls of fog
 h - 2 scrolls of enchant armour
 j - 6 scrolls of remove curse
 k - a scroll of recharging
 n - 2 scrolls of amnesia
 o - a scroll of fear {unknown}
 y - a scroll of magic mapping
 A - a scroll of teleportation
 G - 3 scrolls of blinking {unknown}
 K - a scroll of torment {unknown}
Potions
 f - a potion of cancellation {unknown}
 r - 3 potions of curing
 s - a potion of resistance {unknown}
 x - 4 potions of heal wounds
 z - a potion of haste {unknown}
 B - a potion of agility {unknown}
 E - 2 potions of flight
 F - a potion of cure mutation {unknown}
Books
 b - a book of Conjurations

   Spells                             Type                      Level
   a - Magic Dart                     Conjuration                  1
   b - Searing Ray                    Conjuration                  2
   c - Dazzling Spray                 Conjuration/Hexes            3
   d - Fulminant Prism                Conjuration/Hexes            4
   e - Iskenderun's Mystic Blast      Conjuration                  4
   f - Iskenderun's Battlesphere      Conjuration/Charms           5
Comestibles
 c - 11 bread rations
 q - 3 meat rations
 t - a royal jelly
 D - 7 beef jerkies
 I - a chunk of flesh
 J - 4 fruits


   Skills:
 + Level 1.4 Fighting
 + Level 4.2 Dodging
 - Level 2.4 Stealth
 + Level 12.8 Spellcasting
 + Level 11.4 Conjurations


You had 22 spell levels left.
You knew the following spells:

 Your Spells              Type           Power        Failure   Level  Hunger
a - Magic Dart            Conj           ####         1%          1    None
b - Iskenderun's Battles  Conj/Chrm      #####...     6%          5    ###....
c - Searing Ray           Conj           ######       1%          2    None
d - Iskenderun's Mystic   Conj           ######..     1%          4    None


Dungeon Overview and Level Annotations

Branches:
Dungeon (9/15)             Temple (1/1) D:6            Lair (0/6) D:8
    Orc: D:9-12

Altars:
Ashenzari
Cheibriados
Dithmenos
Elyvilon
Gozag
Kikubaaqudgha
Nemelex Xobeh
Okawaru
Qazlal
Ru
Trog
Vehumet
Xom
Yredelemnul
The Shining One

Shops:
D:8 ?


Message History

The warg is severely wounded.
You hear a shout! x3
Your battlesphere fires!
The orc throws a tomahawk.
The tomahawk hits you.
An orc and an orc wizard come into view.
Casting: Iskenderun's Mystic Blast
Confirm with . or Enter, or press ? or * to list all spells.
Aiming: Iskenderun's Mystic Blast
Press: ? - help, Shift-Dir - straight line, f - warg
Aim: a warg (moderately wounded)
The orb of energy misses the warg.
Your battlesphere fires!
The barrage of energy hits the warg.
The warg is severely wounded.
The warg bites you! The warg misses you.
An orc warrior comes into view. It is wielding a hand axe.
The warg bites you! The warg closely misses you. The warg bites you!
* * * LOW HITPOINT WARNING * * *
The warg bites you!!
You die...

....o.. ###
.#.....
...### ....o.
.<.... ....#
......##..o#
...........##
......hhh...#
.......@.#
.......#o...#
.....*.
.....#
(......
...#...
......o
....#..
....(..
.......
.......
...#...
.......
.......


You could see 3 wargs, an orc warrior, 4 orcs and a friendly battlesphere.

Vanquished Creatures
  The ghost of doot the Sneak, an amateur KoEn (D:6)
  A hungry ghost (D:7)
  2 chaos spawn (D:8)
  A warg (D:9)
  2 sky beasts
  2 orc warriors
  3 ice beasts
  A necrophage (D:8)
  A phantom (D:7)
  4 ogres (D:7)
  A centaur (D:7)
  3 crocodiles (D:8)
  4 bullfrogs
  A water moccasin zombie (D:7)
  A scorpion (D:7)
  3 wights (D:8)
  A howler monkey (D:8)
  6 crimson imps
  4 orc priests
  Crazy Yiuf (D:6)
  4 hounds
  A bullfrog skeleton (D:7)
  A jelly (D:6)
  4 orc wizards
  Terence (D:3)
  6 worker ants
  2 hound skeletons
  8 mummies (Ossuary)
  2 worker ant zombies
  6 gnolls
  10 adders
  A river rat (D:8)
  3 shadow imps
  2 oozes
  An adder zombie (D:9)
  A worm (D:3)
  2 dart slugs (D:1)
  7 leopard geckos
  24 orcs
  13 bats
  3 giant cockroaches
  A gnoll zombie (Ossuary)
  7 goblins
  12 hobgoblins
  16 jackals
  4 kobolds
  4 quokkas
  A ball python (D:1)
  6 frilled lizards
  A giant cockroach zombie (D:5)
  3 hobgoblin zombies (Ossuary)
  3 kobold zombies (Ossuary)
  A leopard gecko skeleton (D:6)
  An orc zombie (Ossuary)
  12 rats
  A fungus (D:8)
218 creatures vanquished.

Vanquished Creatures (others)
  2 fungi (D:8)
2 creatures vanquished.

Grand Total: 220 creatures vanquished

Notes
Turn   | Place    | Note
-------+----------+-------------------------------------------
     0 | D:1      | theElss the Deep Elf Conjurer began the quest for the Orb.
     0 | D:1      | Reached XP level 1. HP: 10/10 MP: 6/6
   139 | D:1      | Reached XP level 2. HP: 15/15 MP: 4/8
   419 | D:1      | Learned a level 2 spell: Searing Ray
   499 | D:1      | Reached skill level 5 in Conjurations
   788 | D:1      | Reached XP level 3. HP: 19/19 MP: 5/9
  1491 | D:2      | Found a stormy altar of Qazlal.
  2017 | D:3      | Reached XP level 4. HP: 24/24 MP: 11/11
  2144 | D:3      | Found a shattered altar of Ashenzari.
  2358 | D:3      | Reached skill level 4 in Spellcasting
  2430 | D:3      | Noticed Terence
  2445 | D:3      | Killed Terence
  2445 | D:3      | Reached XP level 5. HP: 18/28 MP: 10/13
  2457 | D:3      | Learned a level 5 spell: Iskenderun's Battlesphere
  2462 | D:3      | Learned a level 4 spell: Iskenderun's Mystic Blast
  2985 | D:4      | Reached skill level 5 in Spellcasting
  3205 | D:4      | Found a sparkling altar of Nemelex Xobeh.
  3618 | D:4      | Reached XP level 6. HP: 32/32 MP: 16/16
  3771 | D:4      | Reached skill level 6 in Spellcasting
  4224 | D:5      | Entered Level 5 of the Dungeon
  4262 | D:5      | Noticed an ice beast
  4264 | D:5      | Killed an ice beast
  4264 | D:5      | Reached skill level 7 in Spellcasting
  4264 | D:5      | Reached XP level 7. HP: 36/36 MP: 2/19
  4494 | D:5      | Found a sand-covered staircase.
  4498 | Ossuary  | Entered an ossuary
  5134 | D:5      | Reached skill level 8 in Spellcasting
  5699 | D:6      | Reached XP level 8. HP: 36/41 MP: 22/22
  5734 | D:6      | Found a staircase to the Ecumenical Temple.
  5748 | D:6      | Found a runed door.
  5798 | Temple   | Entered the Ecumenical Temple
  5813 | Temple   | Became a worshipper of Vehumet
  5861 | D:6      | Found a shimmering altar of Xom.
  5939 | D:6      | Reached skill level 9 in Spellcasting
  6190 | D:6      | Noticed doot's ghost (amateur KoEn)
  6205 | D:6      | Killed doot's ghost
  6411 | D:6      | Reached skill level 10 in Spellcasting
  6734 | D:6      | Noticed Crazy Yiuf
  6736 | D:6      | Killed Crazy Yiuf
  6775 | D:7      | Reached * piety under Vehumet
  6775 | D:7      | Offered knowledge of Sandblast by Vehumet.
  7159 | D:7      | Reached XP level 9. HP: 36/46 MP: 23/25
  7428 | D:7      | Reached skill level 11 in Spellcasting
  7428 | D:7      | Reached skill level 10 in Conjurations
  7557 | D:7      | Reached skill level 1 in Fighting
  7747 | D:7      | Found an ancient bone altar of Kikubaaqudgha.
  8340 | D:8      | Offered knowledge of Throw Frost by Vehumet.
  8496 | D:8      | Reached ** piety under Vehumet
  8496 | D:8      | Reached skill level 12 in Spellcasting
  8596 | D:8      | Found a shimmering altar of Xom.
  8840 | D:8      | Found Puesy's Magic Scroll Emporium.
  8847 | D:8      | Bought a scroll of recharging for 114 gold pieces
  8847 | D:8      | Bought a scroll of magic mapping for 42 gold pieces
  8847 | D:8      | Bought a scroll of teleportation for 36 gold pieces
  9037 | D:8      | Found a shimmering altar of Xom.
  9037 | D:8      | Found a sacrificial altar of Ru.
  9045 | D:8      | Found a basalt altar of Yredelemnul.
  9048 | D:8      | Found an opulent altar of Gozag.
  9119 | D:8      | Found a glowing golden altar of the Shining One.
  9212 | D:8      | Found a bloodstained altar of Trog.
  9314 | D:8      | Found a staircase to the Lair.
  9450 | D:9      | Reached XP level 10. HP: 43/52 MP: 13/28
  9452 | D:9      | Slain by a warg

Skill      XL: |  1  2  3  4  5  6  7  8  9 |
---------------+----------------------------+-----
Conjurations   | 5 6 7 8 9 11 | 11.4
Dodging        | 3 4 |  4.2
Spellcasting   | 4 5 7 8 10 12 | 12.8
Fighting       | 1 |  1.4
Stealth        | |  2.4

Action                   |  1- 3 |  4- 6 |  7- 9 | 10-12 || total
-------------------------+-------+-------+-------+-------++-------
Melee: Unarmed           |     2 |       |       |       ||     2
       Mace              |       |     1 |     1 |       ||     2
 Cast: Magic Dart        |    73 |    82 |   182 |       ||   337
       Searing Ray       |       |    11 |    39 |       ||    50
       Iskenderun's Myst |       |    11 |    62 |     2 ||    75
       Iskenderun's Batt |       |       |     5 |       ||     5
  Use: Scroll            |       |       |    12 |       ||    12
  Eat: Chunk             |     3 |     8 |    17 |       ||    28
Armor: Robe              |     1 |     7 |    14 |       ||    22
Dodge: Dodged            |     7 |    16 |    29 |     2 ||    54
